AoeStats
← BuMm

Arena

510182643Analyzed
4v4 RM · 3d ago on Sep 29, 2026· 48m 59s· 8 players
Game mode
Random Map
Map size
Large (8 player)
Population
200
Speed
Normal
Resources
Standard
Victory
Conquest
Starting age
Dark Age
Ending age
Imperial Age
RankedLock teamsTeams togetherTeam positionsShared explorationLock speedFull tech treeHidden civsTurbo modeCheats
Victory
Defeat
🇦🇷 Cumans · Argentina
1533
+8
🇦🇷 Bengalis · Argentina
1397
+13
🇦🇷 Georgians · Argentina
1345
+15
🇦🇷 Ethiopians · Argentina
1245
+19
🇺🇸 Saxons · United States
1381
-16
🇦🇷 Vikings · Argentina
1342
-14
🇹🇷 Vietnamese · Türkiye
1336
-14
🇦🇷 Mongols · Argentina
1268
-11
all peacocks are the same
9:17 Feudal Age
10:04 Double-Bit Axe
14:28 Castle Age
24:23 Loom
25:01 Horse Collar
26:16 Bow Saw
26:50 Stone Mining
27:06 Atonement
27:57 Wheelbarrow
29:38 Heavy Plow
31:54 Sanctity
31:44 Fletching
35:26 Imperial Age
32:46 Crossbowman
33:32 Thumb Ring
33:29 Town Watch
33:37 Gold Mining
34:12 Bodkin Arrow
34:44 Padded Archer Armor
35:22 Ballistics
35:17 Thumb Ring
36:09 Leather Archer Armor
36:41 Masonry
37:35 Chemistry
36:41 Bracer
37:21 Arbalester
41:47 Chemistry
44:20 Block Printing
46:15 Pikeman
46:55 Squires
Frosty
10:57 Feudal Age
15:09 Castle Age
13:09 Horse Collar
16:11 Heavy Plow
15:58 Double-Bit Axe
20:01 Loom
22:00 Forging
21:55 Scale Barding Armor
25:24 Husbandry
25:34 Bloodlines
26:47 Bow Saw
28:26 Light Cavalry
30:31 Stone Mining
33:55 Imperial Age
32:46 Devotion
33:42 Chatras
34:02 Elite Battle Elephant
35:20 Ballistics
36:01 Chemistry
36:15 Paper Money
37:25 Two-Man Saw
38:44 Iron Casting
38:29 Chain Barding Armor
40:01 Crop Rotation
43:38 Gold Mining
43:44 Stone Mining
44:48 Wheelbarrow
43:58 Town Watch
45:52 Faith
Dydymax 死神
0:30 Loom
10:52 Feudal Age
12:40 Man-at-Arms
23:14 Castle Age
21:04 Double-Bit Axe
21:30 Horse Collar
26:59 Arson
27:19 Scale Mail Armor
34:25 Bow Saw
38:08 Heavy Plow
41:50 Imperial Age
39:32 Elite Skirmisher
40:08 Pikeman
40:48 Squires
41:10 Treadmill Crane
41:53 Masonry
41:41 Fletching
41:51 Padded Archer Armor
42:03 Forging
42:08 Chain Mail Armor
42:29 Ballistics
43:23 Conscription
44:27 Chemistry
47:48 Iron Casting
Humawaska
10:35 Feudal Age
13:58 Castle Age
12:23 Double-Bit Axe
18:17 Scale Barding Armor
21:18 Horse Collar
22:54 Fletching
24:04 Bodkin Arrow
26:25 Ballistics
27:49 Chain Barding Armor
31:44 Wheelbarrow
30:54 Loom
33:53 Hand Cart
33:30 Gold Mining
33:32 Stone Mining
33:52 Heavy Plow
34:04 Bow Saw
36:57 Gold Shaft Mining
36:57 Stone Shaft Mining
39:55 Imperial Age
37:28 Padded Archer Armor
38:14 Husbandry
38:34 Leather Archer Armor
38:57 Thumb Ring
39:38 Bloodlines
39:14 Light Cavalry
40:06 Forging
40:00 Elite Mangudai
41:00 Conscription
40:42 Bracer
42:23 Iron Casting
41:09 Hussar
43:52 Chemistry
44:35 Blast Furnace
BuMm
9:51 Feudal Age
12:09 Double-Bit Axe
14:41 Castle Age
12:51 Horse Collar
14:26 Gold Mining
22:22 Bow Saw
23:45 Town Watch
26:01 Wheelbarrow
25:11 Town Watch
26:44 Bloodlines
26:34 Husbandry
26:41 Scale Barding Armor
26:46 Forging
26:53 Loom
27:42 Heavy Plow
28:27 Stone Mining
29:02 Hand Cart
28:48 Town Patrol
32:37 Imperial Age
30:31 Chain Barding Armor
30:22 Forging
29:41 Light Cavalry
33:19 Iron Casting
33:55 Plate Barding Armor
33:42 Conscription
34:32 Stone Shaft Mining
34:30 Crop Rotation
34:02 Elite Monaspa
36:16 Blast Furnace
36:30 Siege Engineers
37:28 Chemistry
37:14 Fletching
38:02 Bodkin Arrow
46:26 Aznauri Cavalry
TVHG.Ruleman | EX REY
9:45 Feudal Age
10:19 Double-Bit Axe
14:20 Loom
18:12 Horse Collar
25:12 Castle Age
23:41 Gold Mining
24:30 Scale Barding Armor
24:36 Forging
25:23 Bloodlines
26:22 Bow Saw
26:25 Heavy Plow
28:18 Wheelbarrow
28:21 Gold Shaft Mining
28:23 Chain Barding Armor
29:21 Iron Casting
39:35 Imperial Age
37:24 Hand Cart
37:12 Stone Mining
37:14 Pikeman
37:55 Scale Mail Armor
37:47 Fletching
39:20 Squires
39:06 Arson
39:40 Cavalier
41:23 Blast Furnace
41:27 Plate Barding Armor
41:29 Bodkin Arrow
41:49 Chain Mail Armor
41:34 Padded Archer Armor
42:27 Paladin
44:43 Two-Man Saw
44:18 Crop Rotation
TVHG.IL Capitano
6:40 Loom
9:17 Feudal Age
11:46 Double-Bit Axe
11:53 Gold Mining
13:42 Fletching
22:22 Castle Age
20:29 Horse Collar
22:03 Padded Archer Armor
23:39 Bodkin Arrow
23:08 Crossbowman
24:36 Bow Saw
25:06 Gold Shaft Mining
26:10 Leather Archer Armor
27:42 Wheelbarrow
27:35 Ballistics
32:59 Thumb Ring
34:07 Hand Cart
40:07 Imperial Age
39:58 Scale Mail Armor
40:09 Forging
41:57 Chemistry
40:30 Halberdier
41:11 Squires
40:58 Arson
41:29 Chain Mail Armor
41:15 Bracer
41:46 Ring Archer Armor
40:40 Arbalester
44:30 Iron Casting
44:25 Plate Mail Armor
TVHG.llavero maldito
9:39 Feudal Age
8:54 Loom
13:31 Castle Age
12:38 Double-Bit Axe
22:48 Atonement
27:04 Horse Collar
27:52 Sanctity
27:59 Bow Saw
28:11 Gold Mining
29:56 Wheelbarrow
30:03 Wheelbarrow
29:48 Redemption
35:24 Imperial Age
35:06 Scale Barding Armor
35:36 Heavy Plow
36:03 Bloodlines
36:14 Chain Barding Armor
36:52 Hand Cart
38:57 Plate Barding Armor
39:33 Forging
39:45 Block Printing
40:09 Theocracy
40:05 Husbandry
39:43 Elite Battle Elephant
43:51 Padded Archer Armor
45:08 Gold Shaft Mining
45:20 Elite Skirmisher
45:51 Fletching
46:26 Devotion
47:04 Bodkin Arrow
48:42 Bracer
49:56 Ballistics
Connection lost

Rejoining the realm…

Still unreachable

The connection could not be restored.

Session expired

The server has moved on; the page needs a fresh start.